 Dungeon Crawl Stone Soup version 0.22-a0-443-g17c3723 (webtiles) character file.

51 Gorglomux the Skirmisher (level 3, -1/24 HPs)
             Began as a Gargoyle Fighter on June 1, 2018.
             Slain by an adder (2 damage)
             ... on level 2 of the Dungeon.
             The game lasted 00:01:01 (1139 turns).

Gorglomux the Skirmisher (Gargoyle Fighter)         Turns: 1139, Time: 00:01:01

Health: -1/24      AC: 10    Str: 25    XL:     3   Next: 81%
Magic:  3/3        EV:  7    Int:  8    God:
Gold:   59         SH:  9    Dex:  9    Spells: 2/2 levels left

rFire    . . .     SeeInvis .   a - +0 war axe
rCold    . . .     Gourm    .   c - +0 shield
rNeg     + . .     Faith    .   b - +0 scale mail
rPois    ∞         Spirit   .   (no helmet)
rElec    +         Reflect  .   m - scarf {repulsion}
rCorr    .         Harm     .   (no gloves)
MR       .....                  (no boots)
Stlth    ..........             k - amulet of inaccuracy (curse)
HPRegen  0.08/turn              (no ring)
MPRegen  0.08/turn              (no ring)

@: mighty, repel missiles
A: negative energy resistance 1, electricity resistance, unbreathing,
petrification resistance, rot immunity, AC +3
a: no special abilities


You were on level 2 of the Dungeon.
You were hungry.

You visited 1 branch of the dungeon, and saw 2 of its levels.

You collected 59 gold pieces.

Inventory:

Hand Weapons
 a - a +0 war axe (weapon)
Armour
 b - a +0 scale mail (worn)
 c - a +0 shield (worn)
 m - a scarf of repulsion (worn)
Jewellery
 k - a cursed amulet of inaccuracy (around neck)
Scrolls
 M - a scroll of magic mapping
 T - a scroll of teleportation
Potions
 l - 2 potions of invisibility {unknown}
 U - a potion of lignification {unknown}
 W - 2 potions of haste {unknown}
Comestibles
 f - 5 rations
 X - 4 chunks of flesh


   Skills:
 + Level 3.8 Fighting
 + Level 2.3 Axes
 + Level 3.8 Armour
 + Level 3.8 Shields


You had 2 spell levels left.
You didn't know any spells.
Your spell library was empty.

Dungeon Overview and Level Annotations

Branches:
Dungeon (2/15)

Altars:


Innate Abilities, Weirdness & Mutations

You are resistant to torment.
Your stone body is resilient. (AC +3)
You are immune to poison.
You resist negative energy. (rN+)
You are resistant to electric shocks. (rElec)
You can survive without breathing.
You are immune to petrification.
You are immune to rotting.


Message History

* * * don't die
* * * You miss the adder!
The adder bites you but does no damage!
The adder bites you but butts no damage!
You closely miss the adder! The adder bites you but does no damage!
You block the adder'butts attack!
You miss the adder! You block the adder's attack! x2
You miss the adder!
The adder bites you but does no damage! x2
You butt-ly miss the adder!
The adder bites you but does no damage! The adder butts you but does no damage!
You miss the adder! The adder bites you! * * * don't die
* * * The adder bites you! * * * don't die
* * * You closely miss the adder!
You block the adder's attack!
The adder bites you but does butt damage!
You closely miss the adder! The adder bites you but does no damage!
You block the adder'butts attack!
You miss the adder! The adder bites you but does no damage!
The adder bites you! rip

#..#.## #. .# #...... #%
#.# #.###.# .#####. #.#
..#...... ....... #.# .#
..#####.. .......
#.##.##PP.####.. .......
.......P♣.......
......)####.##.P..♣P..##..
........S@....P..P♣.PP.#.#
..#########.#..♣P♣♣PPPP..#
#####...P.♣♣♣♣.PP..#
#........PP.♣♣.P♣P.#
#......#....♣♣...#.#
#..........P♣P...#.#
#....).###PP♣PP#.#.#
#...)....#..P.##.#.#
#.....##.#...###.#.#


You could see an adder.

Vanquished Creatures
  2 adders (D:2)
  A worm (D:2)
  2 leopard geckos
  A giant cockroach (D:1)
  4 goblins
  5 hobgoblins
  A jackal (D:1)
  7 bats (D:1)
  A frilled lizard (D:2)
  A kobold (D:2)
  6 rats
31 creatures vanquished.

Notes
Turn   | Place    | Note
-------+----------+-------------------------------------------
     0 | D:1      | Gorglomux the Gargoyle Fighter began the quest for the Orb.
     0 | D:1      | Reached XP level 1. HP: 14/14 MP: 1/1
   139 | D:1      | Reached XP level 2. HP: 17/19 MP: 2/2
   473 | D:2      | Reached XP level 3. HP: 8/23 MP: 3/3
  1136 | D:2      | HP: 1/24 [adder (1)]
  1139 | D:2      | Slain by an adder

Vault maps used:
D:1:      lightli_arrival_windingriver, minmay_pentomino_o2
D:2:      serial_forest, infiniplex_forest_lined_4_way,
          infiniplex_forest_clump_curved, infiniplex_forest_end_2,
          infiniplex_forest_lined_room_, infiniplex_forest_clump_cross,
          infiniplex_forest_clump_long, infiniplex_forest_straight_1,
          infiniplex_forest_clump_cross, first_ration

Skill      XL: |  1 |
---------------+----+-----
Axes           | 2 |  2.3
Fighting       | |  3.8
Armour         | |  3.8
Shields        | |  3.8

Action                   || total
-------------------------++-------
Melee: War axe           ||   246
  Use: Scroll            ||     3
       Potion            ||     1
  Eat: Chunk             ||     1
Armor: Scale mail        ||   203
Dodge: Dodged            ||    89
Block: Shield            ||   155

Table legend:
 A = Spawn XP
 B = Non-spawn XP
 C = Spawn XP percentage of total XP
 D = Spawn monster count
 E = Non-spawn monster count
 F = Spawn count percentage of total count
 G = Total turns spent on level
                    A         B        C        D         E        F      G
               +---------+---------+-------+---------+---------+-------+---------
         Total |       0 |      73 |   0.0 |       0 |      31 |   0.0 |  1139
               +---------+---------+-------+---------+---------+-------+---------
           D:1 |       0 |      25 |   0.0 |       0 |      16 |   0.0 |   339
           D:2 |       0 |      48 |   0.0 |       0 |      15 |   0.0 |   800
               +---------+---------+-------+---------+---------+-------+---------
